3046 views
Uploaded 2019-12-01 21:20:45
Game version 1.32.0.3 / 1.32.0.3.1
17:58 long 4on4 ladder game on (8)MarketSquare
Saved by iggythefisk
3046 views
Uploaded 2019-12-01 21:20:45
Game version 1.32.0.3 / 1.32.0.3.1
17:58 long 4on4 ladder game on (8)MarketSquare


95 units @ 7.4k
/ 0.2k
174 buildings @ 11.2k
/ 5.7k



| Orb of Venom | 1 | 325 |
| Boots of Speed | 3 | 750 |
| Staff of Teleportation | 4 | 600 |
| total: | 8 | 1675g |
| Wisp | 21 | 1260 | / | 0 |
| total: | 21 | 1260g | / | 0w |
| Altar of Elders | 1 | 180 | / | 50 |
| Moon Well | 4 | 720 | / | 160 |
| Ancient of Wonders | 1 | 90 | / | 30 |
| Hunter's Hall | 1 | 210 | / | 100 |
| Tree of Life | 1 | 340 | / | 185 |
| Tree of Ages | 1 | 320 | / | 180 |
| Tree of Eternity | 1 | 330 | / | 200 |
| total: | 8 | 1540g | / | 525w |
| 0:03 | Altar of Elders |
| 0:04 | Wisp |
| 0:05 | Wisp |
| 0:21 | Moon Well |
| 0:25 | Wisp |
| 0:25 | Wisp |
| 0:42 | Wisp |
| 0:50 | Wisp |
| 0:56 | Moon Well |
| 1:04 | Wisp |
| 1:24 | Wisp |
| 1:33 | Wisp |
| 1:47 | Wisp |
| 1:57 | Wisp |
| 2:10 | Shadow Strike |
| 2:17 | Wisp |
| 2:17 | Wisp |
| 2:33 | Wisp |
| 3:22 | Wisp |
| 3:23 | Wisp |
| 3:38 | Wisp |
| 3:52 | Wisp |
| 3:52 | Wisp |
| 4:33 | Wisp |
| 4:33 | Wisp |
| 4:57 | Boots of Speed |
| 5:44 | Tree of Ages |
| 6:16 | Staff of Teleportation |
| 6:16 | Staff of Teleportation |
| 6:37 | Moon Well |
| 8:25 | Ancient of Wonders |
| 8:26 | Tree of Eternity |
| 9:04 | Hunter's Hall |
| 9:07 | Entangling Roots |
| 9:39 | Boots of Speed |
| 10:22 | Blink |
| 10:35 | Ultravision |
| 11:10 | Nature's Blessing |
| 11:35 | Cluster Rockets |
| 11:44 | Well Spring |
| 11:53 | Staff of Teleportation |
| 12:15 | Boots of Speed |
| 12:51 | Thorns Aura |
| 15:08 | Staff of Teleportation |
| 15:20 | Moon Well |
| 15:45 | Orb of Venom |
| 15:58 | Tree of Life |
| 16:30 | Shadow Strike |
| 16:37 | Engineering Upgrade |
| Right click | 1451 |
| Select | 414 |
| Select group | 203 |
| Resource trade | 80 |
| Misc. action | 67 |
| Use ability | 55 |
| Build/train/purchase | 52 |
| Chat | 27 |
| Minimap ping | 4 |
| Assign group | 3 |
| Item give/drop | 3 |
| Esc | 1 |



| Lesser Clarity Potion | 1 | 70 |
| Potion of Healing | 1 | 150 |
| Scroll of Regeneration | 1 | 100 |
| Staff of Sanctuary | 1 | 250 |
| Boots of Speed | 2 | 500 |
| Staff of Teleportation | 2 | 300 |
| Healing Salve | 2 | 200 |
| Orb of Lightning | 1 | 375 |
| total: | 11 | 1945g |
| Peasant | 24 | 1800 | / | 0 |
| total: | 24 | 1800g | / | 0w |
| Scout Tower | 48 | 1440 | / | 960 |
| Guard Tower | 25 | 1750 | / | 1250 |
| Arcane Tower | 1 | 70 | / | 50 |
| Altar of Kings | 1 | 180 | / | 50 |
| Lumber Mill | 1 | 120 | / | 0 |
| Farm | 5 | 400 | / | 100 |
| Arcane Vault | 1 | 130 | / | 30 |
| Town Hall | 1 | 385 | / | 205 |
| Arcane Sanctum | 1 | 150 | / | 140 |
| Keep | 2 | 640 | / | 420 |
| Castle | 1 | 360 | / | 210 |
| total: | 58 | 2805g | / | 1485w |
| 0:02 | Peasant |
| 0:07 | Altar of Kings |
| 0:17 | Peasant |
| 0:19 | Lumber Mill |
| 0:22 | Peasant |
| 0:33 | Farm |
| 0:35 | Peasant |
| 0:44 | Peasant |
| 1:07 | Peasant |
| 1:34 | Peasant |
| 1:45 | Farm |
| 1:49 | Peasant |
| 1:57 | Scout Tower |
| 1:59 | Scout Tower |
| 2:01 | Scout Tower |
| 2:07 | Scout Tower |
| 2:14 | Scout Tower |
| 2:21 | Peasant |
| 2:23 | Improved Masonry |
| 2:28 | Peasant |
| 2:40 | Frost Arrows |
| 2:51 | Peasant |
| 3:05 | Peasant |
| 3:07 | Guard Tower |
| 3:10 | Scout Tower |
| 3:12 | Scout Tower |
| 3:24 | Scout Tower |
| 3:26 | Scout Tower |
| 3:27 | Scout Tower |
| 3:28 | Scout Tower |
| 3:29 | Scout Tower |
| 3:29 | Scout Tower |
| 3:48 | Forked Lightning |
| 4:21 | Arcane Vault |
| 4:23 | Peasant |
| 4:24 | Peasant |
| 4:37 | Guard Tower |
| 4:39 | Guard Tower |
| 4:44 | Peasant |
| 4:48 | Healing Salve |
| 4:49 | Lesser Clarity Potion |
| 4:55 | Guard Tower |
| 5:01 | Peasant |
| 5:09 | Boots of Speed |
| 5:17 | Guard Tower |
| 5:18 | Guard Tower |
| 5:31 | Farm |
| 6:21 | Peasant |
| 7:12 | Frost Arrows |
| 7:38 | Peasant |
| 8:40 | Peasant |
| 8:55 | Keep |
| 9:00 | Potion of Healing |
| 9:20 | Staff of Teleportation |
| 10:14 | Scout Tower |
| 10:14 | Scout Tower |
| 10:57 | Scroll of Regeneration |
| 11:22 | Scout Tower |
| 11:22 | Scout Tower |
| 11:23 | Scout Tower |
| 11:23 | Scout Tower |
| 11:24 | Scout Tower |
| 11:25 | Scout Tower |
| 12:07 | Guard Tower |
| 12:09 | Scout Tower |
| 12:09 | Scout Tower |
| 12:10 | Scout Tower |
| 12:10 | Scout Tower |
| 12:29 | Arcane Sanctum |
| 12:31 | Advanced Masonry |
| 12:32 | Peasant |
| 12:48 | Castle |
| 12:50 | Guard Tower |
| 12:52 | Scout Tower |
| 12:52 | Scout Tower |
| 12:52 | Scout Tower |
| 12:53 | Scout Tower |
| 12:53 | Scout Tower |
| 12:55 | Scout Tower |
| 12:56 | Scout Tower |
| 12:57 | Scout Tower |
| 12:58 | Scout Tower |
| 13:09 | Guard Tower |
| 13:11 | Scout Tower |
| 13:12 | Scout Tower |
| 13:13 | Scout Tower |
| 13:13 | Scout Tower |
| 13:33 | Storm Bolt |
| 13:39 | Guard Tower |
| 13:41 | Scout Tower |
| 13:42 | Scout Tower |
| 13:42 | Scout Tower |
| 14:08 | Town Hall |
| 14:36 | Guard Tower |
| 14:38 | Scout Tower |
| 14:38 | Scout Tower |
| 14:44 | Farm |
| 14:45 | Farm |
| 14:48 | Forked Lightning |
| 14:53 | Healing Salve |
| 14:57 | Orb of Lightning |
| 15:15 | Scout Tower |
| 15:15 | Scout Tower |
| 15:17 | Scout Tower |
| 15:18 | Scout Tower |
| 15:19 | Scout Tower |
| 16:08 | Staff of Teleportation |
| 16:08 | Boots of Speed |
| 16:23 | Magic Sentry |
| 16:35 | Guard Tower |
| 16:36 | Peasant |
| 16:52 | Arcane Tower |
| 16:54 | Peasant |
| 16:55 | Peasant |
| 16:55 | Peasant |
| 17:01 | Holy Light |
| 17:04 | Staff of Sanctuary |
| Right click | 929 |
| Select | 464 |
| Assign group | 200 |
| Build/train/purchase | 131 |
| Select group | 95 |
| Use ability | 15 |
| Minimap ping | 8 |
| Item give/drop | 1 |
| Esc | 1 |



| Scroll of Regeneration | 3 | 300 |
| Staff of Sanctuary | 1 | 250 |
| Orb of Fire | 1 | 325 |
| Boots of Speed | 3 | 750 |
| Staff of Teleportation | 1 | 150 |
| total: | 9 | 1775g |
| Peasant | 27 | 2025 | / | 0 |
| Priest | 2 | 270 | / | 20 |
| total: | 29 | 2295g | / | 20w |
| Scout Tower | 73 | 2190 | / | 1460 |
| Arcane Tower | 7 | 490 | / | 350 |
| Guard Tower | 26 | 1820 | / | 1300 |
| Altar of Kings | 1 | 180 | / | 50 |
| Lumber Mill | 1 | 120 | / | 0 |
| Farm | 4 | 320 | / | 80 |
| Town Hall | 1 | 385 | / | 205 |
| Arcane Vault | 3 | 390 | / | 90 |
| Arcane Sanctum | 1 | 150 | / | 140 |
| Keep | 1 | 320 | / | 210 |
| Castle | 1 | 360 | / | 210 |
| total: | 84 | 3735g | / | 2025w |
| 0:01 | Peasant |
| 0:03 | Altar of Kings |
| 0:06 | Peasant |
| 0:18 | Lumber Mill |
| 0:24 | Peasant |
| 0:33 | Farm |
| 0:39 | Peasant |
| 0:47 | Peasant |
| 1:00 | Peasant |
| 1:03 | Farm |
| 1:08 | Scout Tower |
| 1:17 | Scout Tower |
| 1:18 | Scout Tower |
| 1:20 | Scout Tower |
| 1:22 | Peasant |
| 1:36 | Peasant |
| 1:40 | Arcane Tower |
| 1:42 | Arcane Tower |
| 1:44 | Scout Tower |
| 1:50 | Arcane Tower |
| 1:58 | Peasant |
| 2:03 | Improved Masonry |
| 2:08 | Summon Water Elemental |
| 2:15 | Guard Tower |
| 2:16 | Scout Tower |
| 2:17 | Scout Tower |
| 2:32 | Guard Tower |
| 2:34 | Scout Tower |
| 2:46 | Guard Tower |
| 2:49 | Scout Tower |
| 3:00 | Guard Tower |
| 3:01 | Scout Tower |
| 3:16 | Peasant |
| 3:17 | Peasant |
| 3:32 | Brilliance Aura |
| 3:40 | Peasant |
| 3:50 | Peasant |
| 4:03 | Guard Tower |
| 4:04 | Scout Tower |
| 4:07 | Guard Tower |
| 4:10 | Scout Tower |
| 4:13 | Boots of Speed |
| 4:14 | Staff of Teleportation |
| 4:21 | Peasant |
| 4:37 | Scout Tower |
| 4:37 | Keep |
| 4:39 | Scout Tower |
| 4:39 | Guard Tower |
| 5:12 | Summon Water Elemental |
| 5:31 | Town Hall |
| 5:34 | Scout Tower |
| 5:34 | Scout Tower |
| 5:35 | Scout Tower |
| 5:35 | Scout Tower |
| 5:36 | Scout Tower |
| 5:37 | Scout Tower |
| 5:37 | Scout Tower |
| 5:38 | Scout Tower |
| 5:45 | Scout Tower |
| 5:46 | Scout Tower |
| 5:46 | Guard Tower |
| 5:49 | Farm |
| 5:50 | Arcane Vault |
| 6:00 | Scout Tower |
| 6:01 | Scout Tower |
| 6:55 | Scout Tower |
| 6:56 | Scout Tower |
| 6:57 | Guard Tower |
| 6:59 | Arcane Tower |
| 7:55 | Guard Tower |
| 8:29 | Farm |
| 8:39 | Scroll of Regeneration |
| 8:42 | Guard Tower |
| 8:42 | Guard Tower |
| 8:45 | Arcane Tower |
| 8:45 | Guard Tower |
| 8:49 | Scout Tower |
| 8:49 | Scout Tower |
| 8:50 | Scout Tower |
| 8:50 | Scout Tower |
| 8:51 | Scout Tower |
| 8:51 | Scout Tower |
| 8:53 | Scout Tower |
| 8:54 | Scout Tower |
| 8:54 | Scout Tower |
| 8:57 | Scout Tower |
| 8:57 | Scout Tower |
| 8:58 | Scout Tower |
| 9:00 | Scout Tower |
| 9:01 | Scout Tower |
| 9:05 | Advanced Masonry |
| 9:06 | Arcane Sanctum |
| 9:09 | Improved Lumber Harvesting |
| 9:29 | Guard Tower |
| 9:48 | Storm Bolt |
| 9:53 | Scout Tower |
| 9:54 | Guard Tower |
| 10:37 | Castle |
| 10:56 | Guard Tower |
| 10:57 | Peasant |
| 10:58 | Peasant |
| 11:01 | Magic Sentry |
| 11:10 | Peasant |
| 11:10 | Peasant |
| 11:16 | Guard Tower |
| 11:19 | Scout Tower |
| 11:20 | Guard Tower |
| 11:24 | Peasant |
| 11:26 | Bash |
| 11:45 | Scroll of Regeneration |
| 12:15 | Guard Tower |
| 12:17 | Scout Tower |
| 12:40 | Peasant |
| 12:40 | Peasant |
| 12:40 | Peasant |
| 12:40 | Peasant |
| 12:58 | Peasant |
| 13:01 | Guard Tower |
| 13:02 | Scout Tower |
| 13:04 | Scout Tower |
| 13:05 | Scout Tower |
| 13:06 | Scout Tower |
| 13:07 | Scout Tower |
| 13:07 | Scout Tower |
| 13:15 | Arcane Vault |
| 13:17 | Scout Tower |
| 13:17 | Scout Tower |
| 13:19 | Peasant |
| 13:23 | Boots of Speed |
| 13:27 | Brilliance Aura |
| 13:36 | Imbued Masonry |
| 13:37 | Advanced Lumber Harvesting |
| 13:38 | Priest Adept Training |
| 13:39 | Priest |
| 13:41 | Arcane Vault |
| 13:44 | Scout Tower |
| 13:45 | Scout Tower |
| 13:45 | Scout Tower |
| 13:48 | Scout Tower |
| 13:49 | Scout Tower |
| 13:50 | Scroll of Regeneration |
| 13:52 | Staff of Sanctuary |
| 13:53 | Orb of Fire |
| 14:20 | Scout Tower |
| 14:21 | Scout Tower |
| 14:45 | Arcane Tower |
| 14:46 | Guard Tower |
| 14:53 | Scout Tower |
| 14:54 | Scout Tower |
| 14:54 | Scout Tower |
| 14:56 | Scout Tower |
| 14:56 | Scout Tower |
| 15:05 | Guard Tower |
| 15:06 | Scout Tower |
| 15:06 | Scout Tower |
| 15:14 | Guard Tower |
| 15:20 | Holy Light |
| 15:34 | Arcane Tower |
| 15:41 | Boots of Speed |
| 16:07 | Priest Master Training |
| 16:07 | Priest |
| 16:10 | Guard Tower |
| 16:11 | Scout Tower |
| 16:12 | Scout Tower |
| 16:16 | Peasant |
| 16:16 | Peasant |
| 16:58 | Guard Tower |
| 17:01 | Guard Tower |
| 17:02 | Scout Tower |
| 17:02 | Scout Tower |
| 17:04 | Scout Tower |
| 17:05 | Scout Tower |
| Right click | 987 |
| Select group | 389 |
| Select | 366 |
| Assign group | 291 |
| Build/train/purchase | 168 |
| Misc. action | 31 |
| Use ability | 23 |
| Chat | 20 |
| Item give/drop | 2 |
| Remove unit | 1 |



| Boots of Speed | 3 | 750 |
| Staff of Teleportation | 3 | 450 |
| Periapt of Vitality | 1 | 325 |
| total: | 7 | 1525g |
| Peon | 16 | 1200 | / | 0 |
| Troll Batrider | 5 | 800 | / | 200 |
| total: | 21 | 2000g | / | 200w |
| Watch Tower | 14 | 1540 | / | 1120 |
| Altar of Storms | 1 | 180 | / | 50 |
| Orc Burrow | 4 | 640 | / | 160 |
| War Mill | 1 | 205 | / | 0 |
| Voodoo Lounge | 2 | 260 | / | 60 |
| Beastiary | 2 | 290 | / | 280 |
| Stronghold | 2 | 630 | / | 380 |
| Fortress | 2 | 650 | / | 380 |
| total: | 24 | 3115g | / | 1670w |
| 0:02 | Peon |
| 0:03 | Peon |
| 0:06 | Altar of Storms |
| 0:09 | Orc Burrow |
| 0:33 | War Mill |
| 0:43 | Peon |
| 0:43 | Peon |
| 0:59 | Peon |
| 1:04 | Peon |
| 1:16 | Peon |
| 1:29 | Voodoo Lounge |
| 1:37 | Peon |
| 1:47 | Watch Tower |
| 1:49 | Peon |
| 1:49 | Peon |
| 2:04 | Orc Burrow |
| 2:11 | Peon |
| 2:11 | Peon |
| 2:16 | Wind Walk |
| 2:20 | Peon |
| 2:35 | Watch Tower |
| 2:50 | Watch Tower |
| 2:55 | Peon |
| 2:55 | Peon |
| 3:18 | Peon |
| 3:41 | Boots of Speed |
| 3:41 | Staff of Teleportation |
| 3:50 | Watch Tower |
| 4:19 | Stronghold |
| 4:35 | Watch Tower |
| 4:57 | Watch Tower |
| 5:07 | Spiked Barricades |
| 5:30 | Watch Tower |
| 5:52 | Orc Burrow |
| 6:03 | Watch Tower |
| 7:08 | Fortress |
| 8:51 | Watch Tower |
| 8:53 | Watch Tower |
| 8:55 | Beastiary |
| 8:56 | Beastiary |
| 8:59 | Voodoo Lounge |
| 9:25 | Watch Tower |
| 9:36 | Critical Strike |
| 10:19 | Hex |
| 11:11 | Shockwave |
| 12:23 | Watch Tower |
| 12:27 | Orc Burrow |
| 12:27 | Troll Batrider |
| 12:27 | Troll Batrider |
| 12:28 | Troll Batrider |
| 12:49 | Boots of Speed |
| 12:49 | Staff of Teleportation |
| 13:10 | Boots of Speed |
| 13:18 | Steel Ranged Weapons |
| 13:18 | Reinforced Defenses |
| 13:22 | Troll Batrider |
| 13:29 | Wind Walk |
| 14:01 | Watch Tower |
| 14:46 | Troll Batrider |
| 14:48 | Thorium Ranged Weapons |
| 15:46 | Staff of Teleportation |
| 15:47 | Periapt of Vitality |
| 16:37 | Endurance Aura |
| 16:43 | Watch Tower |
| 16:53 | Healing Wave |
| Right click | 1183 |
| Select group | 358 |
| Select | 281 |
| Build/train/purchase | 122 |
| Assign group | 50 |
| Use ability | 14 |
| Misc. action | 13 |
| Minimap ping | 11 |
| Resource trade | 10 |
| Esc | 3 |
| Item give/drop | 2 |
143 units @ 16.9k
/ 2k
113 buildings @ 10.6k
/ 4.7k



| Scroll of Regeneration | 1 | 100 |
| total: | 1 | 100g |
| Peasant | 12 | 900 | / | 0 |
| Rifleman | 7 | 1435 | / | 210 |
| Mortar Team | 6 | 1080 | / | 420 |
| Priest | 3 | 405 | / | 30 |
| total: | 28 | 3820g | / | 660w |
| Scout Tower | 1 | 30 | / | 20 |
| Arcane Tower | 1 | 70 | / | 50 |
| Altar of Kings | 1 | 180 | / | 50 |
| Farm | 12 | 960 | / | 240 |
| Blacksmith | 1 | 140 | / | 60 |
| Barracks | 2 | 320 | / | 120 |
| Arcane Vault | 1 | 130 | / | 30 |
| Lumber Mill | 1 | 120 | / | 0 |
| Town Hall | 1 | 385 | / | 205 |
| Workshop | 1 | 140 | / | 140 |
| Arcane Sanctum | 1 | 150 | / | 140 |
| Keep | 1 | 320 | / | 210 |
| Castle | 1 | 360 | / | 210 |
| total: | 22 | 2555g | / | 1005w |
| 0:03 | Peasant |
| 0:09 | Altar of Kings |
| 0:15 | Peasant |
| 0:22 | Farm |
| 0:24 | Peasant |
| 0:40 | Peasant |
| 0:51 | Blacksmith |
| 0:54 | Peasant |
| 1:07 | Peasant |
| 1:24 | Barracks |
| 1:29 | Farm |
| 1:30 | Peasant |
| 1:51 | Peasant |
| 2:10 | Barracks |
| 2:12 | Holy Light |
| 2:24 | Peasant |
| 2:27 | Rifleman |
| 2:33 | Farm |
| 2:52 | Farm |
| 3:18 | Rifleman |
| 3:23 | Scout Tower |
| 3:27 | Rifleman |
| 3:52 | Rifleman |
| 3:53 | Arcane Tower |
| 4:21 | Keep |
| 4:36 | Arcane Vault |
| 4:43 | Farm |
| 5:05 | Devotion Aura |
| 5:19 | Rifleman |
| 5:20 | Black Gunpowder |
| 5:41 | Scroll of Regeneration |
| 5:43 | Rifleman |
| 5:53 | Farm |
| 7:19 | Rifleman |
| 7:20 | Long Rifles |
| 7:44 | Holy Light |
| 8:41 | Castle |
| 8:44 | Refined Gunpowder |
| 8:46 | Workshop |
| 8:54 | Lumber Mill |
| 9:09 | Blizzard |
| 9:41 | Brilliance Aura |
| 9:54 | Farm |
| 9:56 | Farm |
| 9:56 | Farm |
| 10:03 | Studded Leather Armor |
| 10:42 | Mortar Team |
| 10:43 | Mortar Team |
| 10:51 | Arcane Sanctum |
| 11:08 | Devotion Aura |
| 11:36 | Farm |
| 11:37 | Farm |
| 11:39 | Farm |
| 11:42 | Fragmentation Shards |
| 12:18 | Blizzard |
| 12:28 | Storm Bolt |
| 12:35 | Mortar Team |
| 13:12 | Mortar Team |
| 13:15 | Priest |
| 13:15 | Priest |
| 13:17 | Priest Adept Training |
| 13:27 | Town Hall |
| 13:43 | Mortar Team |
| 14:15 | Bash |
| 14:59 | Mortar Team |
| 15:00 | Priest |
| 16:29 | Peasant |
| 16:29 | Peasant |
| 16:29 | Peasant |
| Right click | 1245 |
| Select group | 660 |
| Select | 215 |
| Build/train/purchase | 52 |
| Misc. action | 49 |
| Assign group | 41 |
| Use ability | 20 |
| Minimap ping | 2 |

| Wisp | 35 | 2100 | / | 0 |
| Archer | 12 | 1560 | / | 120 |
| Huntress | 8 | 1560 | / | 160 |
| Mountain Giant | 6 | 2100 | / | 600 |
| Glaive Thrower | 2 | 420 | / | 130 |
| total: | 63 | 7740g | / | 1010w |
| Ancient Protector | 4 | 540 | / | 320 |
| Ancient of War | 1 | 150 | / | 60 |
| Altar of Elders | 1 | 180 | / | 50 |
| Moon Well | 7 | 1260 | / | 280 |
| Hunter's Hall | 1 | 210 | / | 100 |
| Ancient of Wonders | 1 | 90 | / | 30 |
| Tree of Life | 1 | 340 | / | 185 |
| Ancient of Lore | 2 | 310 | / | 290 |
| Tree of Ages | 1 | 320 | / | 180 |
| Tree of Eternity | 1 | 330 | / | 200 |
| total: | 18 | 3080g | / | 1315w |
| 0:04 | Wisp |
| 0:04 | Wisp |
| 0:15 | Ancient of War |
| 0:17 | Wisp |
| 0:28 | Altar of Elders |
| 0:34 | Moon Well |
| 0:40 | Wisp |
| 0:48 | Wisp |
| 0:48 | Wisp |
| 0:57 | Wisp |
| 1:05 | Wisp |
| 1:14 | Wisp |
| 1:14 | Wisp |
| 1:19 | Wisp |
| 1:33 | Moon Well |
| 1:45 | Archer |
| 1:58 | Archer |
| 1:58 | Archer |
| 2:25 | Hunter's Hall |
| 2:39 | Moon Well |
| 2:57 | Force of Nature |
| 3:05 | Archer |
| 3:05 | Archer |
| 3:23 | Tree of Ages |
| 3:42 | Moon Well |
| 4:22 | Archer |
| 4:23 | Archer |
| 4:47 | Moon Well |
| 4:53 | Ancient Protector |
| 4:58 | Ultravision |
| 5:09 | Huntress |
| 5:20 | Huntress |
| 5:45 | Wisp |
| 5:45 | Wisp |
| 5:46 | Wisp |
| 5:46 | Wisp |
| 5:57 | Improved Bows |
| 6:00 | Moon Glaive |
| 6:09 | Sentinel |
| 7:04 | Thorns Aura |
| 8:04 | Huntress |
| 8:04 | Huntress |
| 8:07 | Archer |
| 8:07 | Archer |
| 8:07 | Archer |
| 8:34 | Ancient of Lore |
| 8:39 | Ancient of Lore |
| 8:41 | Strength of the Wild |
| 8:41 | Reinforced Hides |
| 8:46 | Huntress |
| 8:46 | Huntress |
| 8:52 | Huntress |
| 8:53 | Huntress |
| 9:05 | Archer |
| 9:30 | Ancient of Wonders |
| 9:42 | Archer |
| 9:52 | Strength of the Moon |
| 9:56 | Moon Armor |
| 10:24 | Abolish Magic |
| 10:26 | Druid of the Claw Adept Training |
| 10:59 | Tree of Eternity |
| 11:28 | Thorns Aura |
| 11:36 | Tree of Life |
| 11:49 | Ancient Protector |
| 11:50 | Ancient Protector |
| 11:53 | Ancient Protector |
| 12:32 | Mountain Giant |
| 13:01 | Mountain Giant |
| 14:06 | Wisp |
| 14:06 | Wisp |
| 14:06 | Wisp |
| 14:06 | Wisp |
| 14:06 | Wisp |
| 14:06 | Wisp |
| 14:17 | Hardened Skin |
| 14:18 | Resistant Skin |
| 14:19 | Druid of the Claw Master Training |
| 14:24 | Well Spring |
| 14:26 | Improved Strength of the Wild |
| 14:26 | Improved Reinforced Hides |
| 14:31 | Wisp |
| 14:31 | Wisp |
| 14:31 | Wisp |
| 14:32 | Wisp |
| 15:10 | Mountain Giant |
| 15:10 | Mountain Giant |
| 15:38 | Moon Well |
| 15:39 | Moon Well |
| 15:51 | Vorpal Blades |
| 15:56 | Wisp |
| 15:57 | Wisp |
| 16:23 | Mark of the Claw |
| 16:30 | Wisp |
| 16:30 | Wisp |
| 16:31 | Wisp |
| 16:36 | Wisp |
| 16:36 | Wisp |
| 16:37 | Wisp |
| 16:39 | Wisp |
| 16:40 | Wisp |
| 16:43 | Mountain Giant |
| 17:24 | Mountain Giant |
| 17:29 | Glaive Thrower |
| 17:29 | Glaive Thrower |
| Right click | 173 |
| Select | 168 |
| Build/train/purchase | 91 |
| Select group | 19 |
| Assign group | 14 |
| Use ability | 11 |
| Misc. action | 10 |
| Remove unit | 7 |
| Minimap ping | 2 |

| Lesser Clarity Potion | 3 | 210 |
| Scroll of Town Portal | 1 | 350 |
| Boots of Speed | 1 | 250 |
| Staff of Teleportation | 1 | 150 |
| Potion of Invisibility | 4 | 400 |
| Potion of Lesser Invulnerability | 1 | 150 |
| Healing Salve | 4 | 400 |
| Orb of Lightning | 1 | 375 |
| total: | 16 | 2285g |
| Peasant | 23 | 1725 | / | 0 |
| Sorceress | 1 | 155 | / | 20 |
| total: | 24 | 1880g | / | 20w |
| Scout Tower | 48 | 1440 | / | 960 |
| Arcane Tower | 10 | 700 | / | 500 |
| Guard Tower | 16 | 1120 | / | 800 |
| Altar of Kings | 1 | 180 | / | 50 |
| Farm | 6 | 480 | / | 120 |
| Lumber Mill | 2 | 240 | / | 0 |
| Town Hall | 1 | 385 | / | 205 |
| Arcane Vault | 1 | 130 | / | 30 |
| Arcane Sanctum | 1 | 150 | / | 140 |
| Keep | 1 | 320 | / | 210 |
| Castle | 2 | 720 | / | 420 |
| total: | 60 | 3005g | / | 1505w |
| 0:03 | Peasant |
| 0:03 | Peasant |
| 0:08 | Altar of Kings |
| 0:11 | Farm |
| 0:13 | Peasant |
| 0:25 | Peasant |
| 0:33 | Peasant |
| 0:44 | Peasant |
| 0:50 | Lumber Mill |
| 0:55 | Farm |
| 1:10 | Peasant |
| 1:18 | Peasant |
| 1:23 | Farm |
| 1:31 | Scout Tower |
| 1:41 | Farm |
| 1:43 | Scout Tower |
| 1:45 | Peasant |
| 1:46 | Peasant |
| 1:52 | Scout Tower |
| 2:04 | Peasant |
| 2:10 | Arcane Tower |
| 2:13 | Flame Strike |
| 2:16 | Peasant |
| 2:18 | Scout Tower |
| 2:23 | Guard Tower |
| 2:28 | Peasant |
| 2:28 | Peasant |
| 2:37 | Farm |
| 2:47 | Guard Tower |
| 2:49 | Scout Tower |
| 2:58 | Scout Tower |
| 2:59 | Arcane Tower |
| 3:09 | Scout Tower |
| 3:17 | Peasant |
| 3:20 | Scout Tower |
| 3:24 | Farm |
| 3:27 | Guard Tower |
| 3:29 | Scout Tower |
| 3:34 | Scout Tower |
| 3:37 | Guard Tower |
| 4:12 | Keep |
| 4:56 | Town Hall |
| 5:15 | Arcane Tower |
| 5:19 | Scout Tower |
| 5:20 | Scout Tower |
| 5:22 | Improved Masonry |
| 5:24 | Healing Salve |
| 5:29 | Lesser Clarity Potion |
| 5:29 | Healing Salve |
| 5:35 | Arcane Tower |
| 5:40 | Arcane Tower |
| 6:01 | Siphon Mana |
| 6:04 | Scout Tower |
| 6:07 | Scout Tower |
| 6:15 | Scout Tower |
| 6:17 | Scout Tower |
| 6:26 | Scout Tower |
| 6:31 | Scout Tower |
| 6:34 | Arcane Tower |
| 7:05 | Castle |
| 7:26 | Advanced Masonry |
| 7:27 | Guard Tower |
| 7:48 | Arcane Sanctum |
| 8:14 | Guard Tower |
| 8:17 | Peasant |
| 8:17 | Peasant |
| 8:18 | Peasant |
| 8:20 | Scout Tower |
| 8:22 | Scout Tower |
| 8:23 | Scout Tower |
| 9:15 | Boots of Speed |
| 9:15 | Staff of Teleportation |
| 9:16 | Potion of Invisibility |
| 9:34 | Flame Strike |
| 9:45 | Imbued Masonry |
| 9:46 | Improved Lumber Harvesting |
| 9:47 | Magic Sentry |
| 10:16 | Scout Tower |
| 10:17 | Scout Tower |
| 10:18 | Scout Tower |
| 10:19 | Scout Tower |
| 10:20 | Scout Tower |
| 10:20 | Scout Tower |
| 10:21 | Scout Tower |
| 10:22 | Scout Tower |
| 10:23 | Scout Tower |
| 10:24 | Scout Tower |
| 10:25 | Scout Tower |
| 10:25 | Scout Tower |
| 10:57 | Guard Tower |
| 11:15 | Sorceress |
| 11:18 | Sorceress Adept Training |
| 11:23 | Guard Tower |
| 11:25 | Scout Tower |
| 11:25 | Scout Tower |
| 11:25 | Scout Tower |
| 11:26 | Scout Tower |
| 11:26 | Scout Tower |
| 11:27 | Scout Tower |
| 11:28 | Scout Tower |
| 11:28 | Scout Tower |
| 11:29 | Scout Tower |
| 12:23 | Guard Tower |
| 12:26 | Peasant |
| 12:26 | Peasant |
| 12:26 | Peasant |
| 12:29 | Guard Tower |
| 12:31 | Advanced Lumber Harvesting |
| 12:33 | Peasant |
| 12:33 | Peasant |
| 12:42 | Lumber Mill |
| 13:00 | Lesser Clarity Potion |
| 13:01 | Healing Salve |
| 13:03 | Orb of Lightning |
| 13:22 | Potion of Invisibility |
| 13:59 | Potion of Invisibility |
| 14:05 | Guard Tower |
| 14:32 | Scout Tower |
| 14:33 | Scout Tower |
| 14:33 | Scout Tower |
| 14:33 | Scout Tower |
| 14:33 | Scout Tower |
| 14:34 | Scout Tower |
| 14:37 | Lesser Clarity Potion |
| 14:38 | Healing Salve |
| 14:40 | Scroll of Town Portal |
| 15:21 | Arcane Tower |
| 16:33 | Arcane Tower |
| 16:57 | Arcane Vault |
| 16:59 | Guard Tower |
| 17:08 | Potion of Lesser Invulnerability |
| 17:10 | Potion of Invisibility |
| Right click | 785 |
| Select group | 279 |
| Select | 138 |
| Build/train/purchase | 117 |
| Use ability | 49 |
| Misc. action | 19 |
| Assign group | 13 |
| Minimap ping | 5 |
| Item give/drop | 2 |

| Healing Salve | 1 | 100 |
| Lesser Clarity Potion | 1 | 70 |
| total: | 2 | 170g |
| Peon | 10 | 750 | / | 0 |
| Grunt | 5 | 1000 | / | 0 |
| Shaman | 10 | 1300 | / | 200 |
| Troll Witch Doctor | 3 | 435 | / | 75 |
| total: | 28 | 3485g | / | 275w |
| Watch Tower | 2 | 220 | / | 160 |
| Altar of Storms | 1 | 180 | / | 50 |
| Orc Burrow | 4 | 640 | / | 160 |
| Barracks | 1 | 180 | / | 50 |
| Voodoo Lounge | 1 | 130 | / | 30 |
| War Mill | 1 | 205 | / | 0 |
| Spirit Lodge | 2 | 300 | / | 300 |
| Beastiary | 1 | 145 | / | 140 |
| Stronghold | 2 | 630 | / | 380 |
| Fortress | 1 | 325 | / | 190 |
| total: | 13 | 2000g | / | 890w |
| 0:02 | Peon |
| 0:03 | Peon |
| 0:06 | Altar of Storms |
| 0:18 | Orc Burrow |
| 0:23 | Peon |
| 0:34 | Barracks |
| 0:44 | Peon |
| 1:05 | Peon |
| 1:16 | Peon |
| 1:23 | Orc Burrow |
| 1:46 | Grunt |
| 1:46 | Grunt |
| 1:56 | Peon |
| 1:56 | Peon |
| 2:08 | Wind Walk |
| 2:13 | Voodoo Lounge |
| 2:21 | Peon |
| 2:21 | Peon |
| 3:22 | Grunt |
| 3:26 | Stronghold |
| 3:46 | Healing Salve |
| 3:50 | Lesser Clarity Potion |
| 4:45 | Grunt |
| 5:10 | War Mill |
| 5:43 | Critical Strike |
| 5:56 | Fortress |
| 5:58 | Spirit Lodge |
| 6:26 | Steel Melee Weapons |
| 7:42 | Wind Walk |
| 8:35 | Shaman Adept Training |
| 8:37 | Steel Armor |
| 8:37 | Thorium Melee Weapons |
| 8:43 | Spirit Lodge |
| 9:01 | Orc Burrow |
| 9:02 | Orc Burrow |
| 9:16 | Berserker Strength |
| 9:34 | Shaman |
| 9:36 | Shaman Master Training |
| 9:37 | Shaman |
| 9:40 | Thorium Armor |
| 9:49 | Grunt |
| 9:58 | Shaman |
| 9:59 | Shaman |
| 10:00 | Shaman |
| 10:41 | Shaman |
| 10:56 | Arcanite Melee Weapons |
| 11:05 | Shaman |
| 11:19 | Shaman |
| 11:21 | Witch Doctor Adept Training |
| 11:22 | Witch Doctor Master Training |
| 11:52 | Shaman |
| 12:32 | Shaman |
| 12:34 | Arcanite Armor |
| 13:12 | Troll Witch Doctor |
| 13:20 | Troll Witch Doctor |
| 13:40 | Troll Witch Doctor |
| 14:01 | Watch Tower |
| 14:04 | Watch Tower |
| 16:20 | Beastiary |
| 16:24 | Steel Ranged Weapons |
| 17:13 | Burning Oil |
| Right click | 580 |
| Select | 219 |
| Chat | 96 |
| Build/train/purchase | 77 |
| Select group | 36 |
| Misc. action | 25 |
| Assign group | 10 |
| Minimap ping | 5 |
| Use ability | 4 |
| Remove unit | 4 |
⇛